 Dungeon Crawl Stone Soup version 0.20.0-10-g0535bb4 (webtiles) character file.

39 MTVSty1e the Chopper (level 3, -1/22 HPs)
             Began as a Gargoyle Skald on June 3, 2017.
             Slain by a worm (2 damage)
             ... on level 2 of the Dungeon.
             The game lasted 00:01:24 (874 turns).

MTVSty1e the Chopper (Gargoyle Skald)                Turns: 874, Time: 00:01:25

Health: -1/22      AC: 11    Str: 15    XL:     3   Next: 47%
Magic:  5/6        EV:  6    Int: 13    God:
Gold:   86         SH:  0    Dex:  9    Spells: 5/6 levels left

rFire    . . .     SeeInvis .   a - +0 hand axe
rCold    . . .     Gourm    .   (no shield)
rNeg     + . .     Faith    .   g - +0 chain mail
rPois    ∞         Spirit   .   (no helmet)
rElec    +         Reflect  .   (no cloak)
rCorr    +         Harm     .   (no gloves)
MR       .....                  (no boots)
Stlth    ..........             (no amulet)
Regen    0.1/turn               i - ring of resist corrosion (curse)
MPRegen  0.1/turn               (no ring)

@: very slightly contaminated
A: negative energy resistance 1, electricity resistance, unbreathing,
petrification resistance, rot immunity, AC +3
a: no special abilities


You were on level 2 of the Dungeon.
You were not hungry.

You visited 1 branch of the dungeon, and saw 2 of its levels.

You collected 86 gold pieces.

Inventory:

Hand Weapons
 a - a +0 hand axe (weapon)
Armour
 b - a +0 leather armour
 g - a +0 chain mail (worn)
Jewellery
 i - a cursed ring of resist corrosion (left hand)
Scrolls
 f - a scroll of immolation {unknown}
 h - 2 scrolls of identify {unknown}
 j - a scroll of amnesia {unknown}
Potions
 e - a potion of mutation {unknown}
 k - a potion of ambrosia {unknown}
 l - a potion of degeneration {unknown}
Books
 c - a book of Battle

   Spells                             Type                      Level
   a - Infusion                       Charms                       1
   b - Shroud of Golubria             Charms/Translocation         2
   c - Song of Slaying                Charms                       2
   d - Spectral Weapon                Hexes/Charms                 3
   e - Regeneration                   Charms/Necromancy            3
Comestibles
 d - a bread ration


   Skills:
 + Level 2.5 Fighting
 * Level 3.1 Axes
 - Level 1.1 Armour
 - Level 1.5 Dodging
 - Level 2.0 Spellcasting
 - Level 2.6 Charms


You had 5 spell levels left.
You knew the following spells:

 Your Spells              Type           Power        Failure   Level  Hunger
a - Infusion              Chrm           #...         89%         1    ##.....


Dungeon Overview and Level Annotations

Branches:
Dungeon (2/15)

Altars:


Innate Abilities, Weirdness & Mutations

You are resistant to torment.
Your stone body is resilient. (AC +3)
You are immune to poison.
You resist negative energy. (rN+)
You are resistant to electric shocks. (rElec)
You can survive without breathing.
You are immune to petrification.
You are immune to rotting.


Message History

You closely miss the hobgoblin.
The hobgoblin is heavily wounded.
You barely miss the worm.
The hobgoblin hits you but does no damage.
A goblin comes into view.
The goblin shouts!
You hit the hobgoblin.
The hobgoblin is almost dead.
You hit the worm but do no damage. The worm bites you.
* * * LOW HITPOINT WARNING * * *
The hobgoblin hits you.
* * * LOW HITPOINT WARNING * * *
Casting: Infusion
Confirm with . or Enter, or press ? or * to list all spells.
You miscast Infusion.
You are very lightly contaminated with residual magic.
Strange energies run through your body. The hobgoblin hits you.
* * * LOW HITPOINT WARNING * * *
The worm bites you.
You die...

### #..
####.#
#..w.#
#@# #g#
#<#
#......#
#..$.#g#
#..g.#..
#.#. ##.
# .. ..
## #.


You could see a worm, a hobgoblin and a goblin.

Vanquished Creatures
  2 dart slugs (D:1)
  A leopard gecko (D:1)
  6 bats (D:1)
  5 giant cockroaches (D:1)
  3 goblins (D:1)
  3 hobgoblins (D:1)
  4 jackals (D:1)
  3 kobolds (D:1)
  3 rats (D:1)
30 creatures vanquished.

Notes
Turn   | Place    | Note
-------+----------+-------------------------------------------
     0 | D:1      | MTVSty1e the Gargoyle Skald began the quest for the Orb.
     0 | D:1      | Reached XP level 1. HP: 12/12 MP: 3/3
    21 | D:1      | Reached skill level 2 in Axes
    30 | D:1      | Reached XP level 2. HP: 4/18 MP: 5/5
   501 | D:1      | Reached XP level 3. HP: 22/22 MP: 6/6
   537 | D:1      | Reached skill level 3 in Axes
   874 | D:2      | HP: 1/22 [hobgoblin (3)]
   874 | D:2      | Slain by a worm

Skill      XL: |  1  2  3 |
---------------+----------+-----
Axes           | 2 3 |  3.1
Fighting       | |  2.5
Armour         | |  1.1
Dodging        | |  1.5
Spellcasting   | |  2.0
Charms         | |  2.6

Action                   || total
-------------------------++-------
Melee: Hand axe          ||   133
Armor: Leather armour    ||    24
       Chain mail        ||    87
Dodge: Dodged            ||    69
